[Event "AI Cup Div-2 2023"]
[Site "Online"]
[Date "2023.09.26"]
[Round "2.3"]
[White "Duda, Jan-Krzysztof"]
[Black "Artemiev, Vladislav"]
[Result "0-1"]
[ECO "E11"]
[WhiteElo "2726"]
[BlackElo "2697"]
[Annotator "TA"]
[PlyCount "130"]
[EventDate "2023.09.18"]
[EventType "k.o."]
[EventCountry "NET"]
[SourceTitle "playchess.com"]
[Source "ChessBase"]
[SourceQuality "1"]
[TimeControl "900+3"]

1. d4 d5 2. c4 e6 3. Nf3 Nf6 4. g3 Bb4+ 5. Bd2 Be7 6. Bg2 {[%emt 0:00:02] E11: Bogo-Indian.} Nbd7 7. O-O c6 8. Qc2 {[%emt 0:00:06] The position is equal.} b6 9. Rd1 Bb7 $1 {[%emt 0:00:21][%mdl 4] is more profitable than 9...Ba6 at the moment.} 10. Nc3 O-O 11. e4 dxc4 12. e5 Nd5 13. Ne4 h6 {[%emt 0:02:15] Against Neg5} (13... b5 {with more complications.} 14. b3 c5 15. bxc4 bxc4 16. Neg5 g6) 14. Qxc4 c5 15. dxc5 bxc5 {[%emt 0:00:08] [#]} 16. Qc1 $146 ({Predecessor:} 16. Rac1 Qb8 17. Qe2 Rd8 18. Ba5 Rc8 19. Ned2 N7b6 20. a3 Bc6 21. Ne1 Qb7 22. Qg4 {0-1 Robertson,J (2119)-Weaving,R (2314) BCF-chT1b 1718 (4NCL) 2017 (4.76)}) 16... Nb4 17. Ne1 {[%emt 0:02:25] aiming for Bxb4.} Bd5 18. a3 Nc6 19. Bc3 {[%emt 0:00:06][%cal Oe4f6] Dodges Nd4} Rc8 (19... Ncxe5 20. Bxe5 Nxe5 21. Nc3 $11) 20. Qe3 (20. Nd6 $11 Bxd6 21. exd6) 20... Ncxe5 21. Bxe5 Nxe5 22. Nc3 $1 Nc4 23. Qe2 Nb6 24. a4 Bf6 {[%emt 0:00:32] A strong pair of Bishops.} 25. a5 Bxc3 26. bxc3 Nc4 27. Ra4 Nxa5 (27... Nd6 $11 {remains equal.} 28. Bxd5 exd5 29. Rxd5 Re8) 28. c4 $1 $16 Nxc4 {[%emt 0:00:04] And now ...Nb6 would win.} 29. Bxd5 {[%emt 0:00:03][%mdl 64] Remove Defender} exd5 30. Rxc4 {[%emt 0:00:01][%mdl 64] Pin} Re8 31. Qf1 dxc4 32. Rxd8 Rcxd8 33. Nc2 (33. Nf3 $1 $16) 33... c3 $1 $11 34. Qb5 Re4 ({Black should play} 34... c4 $11) 35. Qxc5 $16 Re2 {[%emt 0:00:04] [#]} (35... Rd1+ $16 {keeps fighting.} 36. Kg2 Rd8 37. Qxc3 (37. Qxa7 Rc8 $16) 37... Rde8) 36. Qxc3 $2 ({White must play} 36. Nd4 $1 $18 Rd2 37. Nb3 (37. Qxc3 $2 {perishes.} R2xd4 38. Qc5 Rd1+ 39. Kg2 R8d7 $19)) 36... Rd1+ $11 37. Kg2 {[%emt 0:00:02] Nd4 would be deadly.} Rdd2 38. Qc8+ Kh7 39. Qf5+ Kg8 40. Na3 Rxf2+ 41. Qxf2 Rxf2+ 42. Kxf2 {[%emt 0:00:00][%mdl 4096] Endgame KN-KP} a5 43. Ke3 Kh7 44. Nc4 a4 45. Kd4 Kg6 46. Ne3 Kf6 47. Kc4 Ke5 {[%emt 0:00:00] Threatens to win with ...Ke4.} 48. Kb4 Ke4 49. Nc4 Kf3 {[%emt 0:00:06] Hoping for ...h5.} 50. Ne5+ (50. Kxa4 $2 h5 51. Kb3 Kg2 $19) 50... Kg2 51. Nxf7 Kxh2 {[%emt 0:00:00] KN-K3P} 52. g4 (52. Kxa4 $2 {is the wrong capture.} Kxg3 53. Nd6 h5 54. Nf5+ Kf4 55. Nxg7 h4 56. Ne6+ Kg4 $19) (52. Nd6 $11) 52... Kg3 {[%emt 0:00:01] Black mates.} 53. g5 {[%emt 0:00:03] [#]} h5 $1 54. Nd6 g6 55. Kxa4 {[%emt 0:00:03] KN-KPP} h4 56. Nf5+ Kg4 $1 {[%emt 0:00:01][%mdl 64] Double Attack} ({Less strong is} 56... gxf5 57. g6 h3 58. g7 $14) 57. Ne3+ Kxg5 58. Kb4 Kf4 59. Nf1 g5 60. Kc3 Kf3 61. Kd3 h3 62. Nh2+ Kg2 63. Ng4 h2 64. Nxh2 Kxh2 65. Ke3 g4 {[%emt 0:00:01] What a bad dream for White.   Weighted Error Value: White=0.16 (very precise) /Black=0.14 (very precise)} 0-1

[Event "AI Cup Div-2 2023"]
[Site "Online"]
[Date "2023.09.26"]
[Round "2.3"]
[White "Fedoseev, Vladimir"]
[Black "Keymer, Vincent"]
[Result "1-0"]
[ECO "E46"]
[WhiteElo "2683"]
[BlackElo "2717"]
[Annotator "TA"]
[PlyCount "83"]
[EventDate "2023.09.18"]
[EventType "k.o."]
[EventCountry "NET"]
[SourceTitle "playchess.com"]
[Source "ChessBase"]
[SourceQuality "1"]
[TimeControl "900+3"]

1. d4 Nf6 2. c4 e6 3. Nc3 Bb4 4. e3 O-O 5. Nge2 Re8 6. Ng3 {[%emt 0:00:01] E46: Nimzo-Indian: Rubinstein: 4 e3 0-0 5 Ne2 without early Bd3.} d5 7. Be2 {[%emt 0:00:04] [#]} dxc4 $146 ({Predecessor:} 7... c5 8. dxc5 Nbd7 9. O-O Bxc3 10. bxc3 Nxc5 11. cxd5 Qxd5 12. Ba3 b6 13. Bf3 Qxd1 14. Rfxd1 {½-½ Del Rio de Angelis,S (2503)-Yuffa,D (2562) ESP-chT CECLUB Honor 2021 (4.3)}) 8. Bxc4 {[%emt 0:00:06] White has an edge.} c5 9. a3 Ba5 10. O-O Nc6 11. dxc5 {[%emt 0:01:22] [#] Hoping for b4.} Bxc3 12. bxc3 Qa5 {[%emt 0:00:08][%csl LRc3,LRc5] Inhibits Bb5.} 13. Rb1 Qxc5 14. Bd3 e5 15. Qc2 b6 16. Ne4 (16. c4 $5 ) 16... Nxe4 17. Bxe4 h6 18. c4 {[%emt 0:00:08] Threatens to win with Rb5.} (18. a4 {is more complex.} Rd8 19. Qb3 Na5 20. Qb4) 18... Bb7 19. Rb5 {[%emt 0:00:11] Wards off Na5} Qe7 20. Bb2 Rac8 21. Qa4 Qh4 22. Bd5 Ba8 23. Bc3 Na5 {[%emt 0:01:42] Black is now going downhill.} 24. Bxa5 $16 {[%emt 0:01:08] And now Bxa8 would win. This pair of bishops is nice.} a6 25. Rb4 ({But not} 25. Rxb6 $6 Bxd5 26. f3 Qxc4 27. Qxc4 Bxc4 $11) (25. Bxf7+ Kxf7 26. Rxb6 Qe4 27. Qd7+ (27. Rxa6 $2 Qxg2#) (27. f3 Qxe3+ 28. Kh1 Qd3 $14) 27... Kg8 $16) 25... bxa5 26. Qxa5 Qf6 (26... Qd8 $16 {was worth a try.} 27. Qxd8 (27. Qxa6 Bxd5 28. cxd5 Qxd5 $16) 27... Rexd8) 27. Rb6 $18 Qh4 28. Rxa6 Bxd5 29. cxd5 Red8 30. h3 Qc4 {[%emt 0:00:10] [#]} 31. Rc6 $1 Qd3 32. Rxc8 Rxc8 {[%emt 0:00:00][%mdl 4096] Endgame KQR-KQR} 33. a4 e4 34. Ra1 g6 35. Qb5 Qd2 $2 (35... Rd8 36. Qxd3 exd3) 36. a5 Rc2 37. Rf1 Kg7 (37... Ra2 $142 38. Qe8+ Kg7 39. Qxe4 Rxa5 40. Qe5+ Kh7) 38. Qa4 (38. Qb1 $142) 38... Rc8 $2 (38... Rc5 39. a6 (39. Qxe4 Rxd5 40. Rb1 Qxa5 $16) 39... Ra5 40. Qxe4 Rxa6 41. Qe5+ Kh7) 39. Rd1 Rc1 40. Rxc1 Qxc1+ 41. Kh2 {[%emt 0:00:01] Intending a6 and mate.} Qc7+ 42. g3 {[%emt 0:00:01] Weighted Error Value: White=0.32/Black=0.40} 1-0

[Event "AI Cup Div-2 2023"]
[Site "Online"]
[Date "2023.09.26"]
[Round "2.4"]
[White "Keymer, Vincent"]
[Black "Fedoseev, Vladimir"]
[Result "0-1"]
[ECO "A34"]
[WhiteElo "2717"]
[BlackElo "2683"]
[Annotator "TA"]
[PlyCount "62"]
[EventDate "2023.09.18"]
[EventType "k.o."]
[EventCountry "NET"]
[SourceTitle "playchess.com"]
[Source "ChessBase"]
[SourceQuality "1"]
[TimeControl "900+3"]

1. c4 c5 2. g3 Nf6 3. Bg2 d5 4. cxd5 Nxd5 5. Nc3 Nc7 6. d3 e5 7. Be3 Be7 8. Rc1 Nd7 {[%emt 0:01:10] A34: Symmetrical English: 2 Nc3, lines with ...d5.} 9. Qa4 O-O 10. Nf3 Rb8 {[%emt 0:00:29] The position is equal.} 11. Nd2 (11. Qxa7 $2 Ra8 $19) 11... a6 12. O-O b5 {[%emt 0:00:45] [#]} (12... Re8 $11) 13. Qb3 $146 (13. Qa5 $14) ({Predecessor:} 13. Qa5 Ne6 14. Qxd8 Rxd8 15. h3 Nf6 16. Nde4 Nxe4 17. Bxe4 Nd4 18. Rfe1 {1-0 Gochelashvili,D (2411)-Sabirov,T (1865) Sochi Lobanov Memorial 2021 (2)}) 13... Kh8 $11 14. f4 ({Better is} 14. Nce4 $11) 14... f5 (14... Nf6 $15 15. Nce4 (15. fxe5 Ng4 $15) 15... Ng4 16. Bxc5 Bxc5+ 17. Nxc5 (17. Rxc5 exf4 18. Rxf4 Ne6 $17) 17... Qd4+ 18. Kh1 exf4) 15. a4 (15. Nf3 $1 $11 {keeps the balance.}) 15... Bd6 16. axb5 (16. Rce1 $1 $15) 16... axb5 $17 17. Nf3 {[%emt 0:01:07] [#]} exf4 18. Bxf4 Bxf4 19. gxf4 Qe7 20. e4 fxe4 21. Nxe4 (21. dxe4 $142 c4 22. Qc2) 21... c4 (21... Rxf4 22. Nfg5 Rxf1+ 23. Rxf1 $14) ({Black should try} 21... Ne6 {And now ...Bb7 would win.} 22. Ne5 Nxe5 23. fxe5 Bb7) 22. Qd1 $2 {[%emt 0:00:26] Now White is beyond hope.} (22. Qa3 $17 Qxa3 23. bxa3) 22... Nd5 $19 23. Re1 $2 (23. Qd2 Nxf4 24. Ne1 Nxg2 25. Rxf8+ Qxf8 26. Nxg2) 23... Nxf4 ({Weaker is} 23... Rxf4 24. dxc4 Rxe4 25. Qxd5 (25. cxd5 Nf6 $14) 25... Rxe1+ 26. Rxe1 $16) 24. dxc4 Nxg2 25. Kxg2 Bb7 ({And not} 25... Ne5 26. Nd6 $11) 26. Qd4 Rbe8 27. Ned2 Qg5+ (27... Qxe1 $2 28. Rxe1 Rxe1 29. Qxd7 $18) 28. Kf2 Ne5 29. Rc3 Bxf3 30. Nxf3 Nxf3 {[%emt 0:00:03][%mdl 64] [#] Discovered Attack} (30... Nxc4 $2 31. Rxe8 Qf5 32. Qd7 $18 {[%mdl 64] Back Rank}) 31. Rxe8 Qg1+ {[%emt 0:00:02][%mdl 64] Skewer, Double Attack. An entertaining game by Fedoseev.   Weighted Error Value: White=1.22/Black=0.21 (precise)} ({Don't play} 31... Nxd4+ 32. Rxf8#) 0-1

[Event "AI Cup Div-2 2023"]
[Site "Online"]
[Date "2023.09.26"]
[Round "2.4"]
[White "Artemiev, Vladislav"]
[Black "Duda, Jan-Krzysztof"]
[Result "1-0"]
[ECO "A50"]
[WhiteElo "2697"]
[BlackElo "2726"]
[Annotator "TA"]
[PlyCount "167"]
[EventDate "2023.09.18"]
[EventType "k.o."]
[EventCountry "NET"]
[SourceTitle "playchess.com"]
[Source "ChessBase"]
[SourceQuality "1"]
[TimeControl "900+3"]

1. d4 Nf6 2. c4 g6 3. Nf3 Bg7 4. g3 b6 5. Bg2 Bb7 6. O-O O-O 7. Qc2 e6 {[%emt 0:01:06] A50: Queen's Fianchetto Defence (1 d4 Nf6 2 c4 b6).} 8. Nc3 d5 9. cxd5 exd5 {[%emt 0:00:17] White is slightly better.} 10. Bf4 Na6 11. Rfd1 Qe7 12. Nb5 {[%emt 0:02:29] [#]} Rfd8 $146 ({Predecessor:} 12... Ne4 13. Rac1 c6 14. Nc3 c5 15. dxc5 Nxc3 16. bxc3 Nxc5 17. c4 Rad8 {½-½ Kozionov,K (2456)-Tiviakov,S (2580) Voronezh op-A 22nd 2018 (5)}) 13. a3 (13. Nxc7 Rdc8 14. Bh3 Nxc7 $17) 13... c6 14. Nc3 c5 15. Be5 Nc7 16. dxc5 bxc5 {[%emt 0:00:01] [#]} 17. b4 $1 d4 (17... c4 18. Qb2) 18. Na4 Bxf3 19. Bxc7 Bxe2 $1 20. Bxd8 Rxd8 21. Nxc5 $1 {[%emt 0:00:40] And now Rd2 would win.} (21. Qxc5 Qe8 22. Rd2 (22. Rxd4 $2 Rxd4 23. Qxd4 Ng4 $19) 22... d3) 21... d3 (21... Bxd1 $11 22. Rxd1 Nd7) 22. Nxd3 $16 {[%emt 0:01:25] White leaves nothing to chance now.} Ng4 {[%emt 0:00:06] [#]} 23. Nf4 $1 Bxd1 (23... Rxd1+ 24. Rxd1) 24. Rxd1 Bd4 {[%emt 0:00:10] [#]} 25. Rxd4 {[%emt 0:00:08][%mdl 576] Deflection} Rxd4 (25... Qe1+ 26. Bf1) 26. Qc8+ Rd8 (26... Kg7 $16 {is a better defense.} 27. Qxg4 Qe1+ 28. Bf1 Rd1) 27. Qxg4 $18 Qe1+ 28. Bf1 Qc3 29. Qg5 Rd1 30. Qb5 {[%emt 0:00:02] Prevents Qc4} Qxa3 31. Qe8+ Kg7 32. Qe5+ Kg8 33. Nd5 Qc1 $2 (33... Qa1 $16 {was necessary.} 34. Qb8+ Kg7) 34. Qe8+ (34. Nf6+ Kf8 35. Nxh7+ Kg8 36. Nf6+ Kf8 $18) 34... Kg7 35. Qe5+ Kg8 $1 36. Nf6+ Kg7 {[%emt 0:00:04] [#]} 37. Ng4+ $1 (37. Ne8+ Kf8 38. Qh8+ Ke7 39. Qe5+ Kf8 40. Qh8+ Ke7 41. Qe5+ Kf8 $11) 37... Kg8 38. Qe8+ (38. Nf6+ Kf8 39. Nxh7+ Kg8 40. Nf6+ Kf8 $18) 38... Kg7 39. Qe5+ Kg8 40. Ne3 ({Not} 40. Nf6+ Kf8 41. Nxh7+ Kg8 42. Nf6+ Kf8 $18) 40... Rd2 41. Qe8+ Kg7 42. Qe5+ Kg8 43. Qb8+ Kg7 44. Qxa7 ({But not} 44. Qe5+ Kg8 $18) 44... Qe1 45. Ng2 Qb1 46. b5 Rb2 $2 (46... Qa2 47. Qe3 Qb2) 47. Qd4+ Kg8 48. Qd8+ Kg7 49. Qd4+ (49. Qg5 $142 Qe4 50. Ne3) 49... Kg8 50. Ne3 {[%emt 0:00:07] Threatens to win with Ng4.} Rxb5 51. Ng4 {[%emt 0:00:01] Hoping for Nf6+.} Rb4 52. Qd8+ Kg7 53. Qf6+ Kf8 54. Ne5 Rb7 55. Qh8+ Ke7 56. Qxh7 Qf5 57. Qh4+ Kf8 58. Qh8+ Ke7 59. Nc6+ Kd6 60. Nd4 ({Less strong is} 60. Qd8+ Kxc6 61. Bg2+ Kc5 $16) 60... Qd5 61. Qf6+ (61. Qd8+ $142 Rd7 62. Nb5+ Ke6 63. Bh3+ f5 64. Nc7+ Rxc7 65. Qxc7) 61... Kc5 62. Ne2 Qd6 {[%emt 0:00:04] Prevents Nf4.} 63. Qc3+ Kb6 64. Nf4 {[%emt 0:00:02] h4 is the strong threat.} Rd7 65. h4 {[%emt 0:00:03] aiming for Bg2.} Qc5 66. Qb3+ Kc7 67. Bg2 Kd8 68. Nd5 {[%emt 0:00:02] Qb8+ would kill now.} Ra7 69. Qb8+ Kd7 70. Nf6+ (70. Nb6+ $142 Qxb6 71. Qxb6) 70... Ke6 71. Ne4 (71. Qd8 $142 Qf5 72. Bd5+ Ke5 73. f4+ Kd4 74. Be6+ Kc3 75. Qc8+ Kd2 76. Bxf5 gxf5 77. Qxf5 Ra1+ 78. Kg2) 71... Ra1+ 72. Kh2 Qc1 73. Qe8+ Kd5 74. Qxf7+ Kd4 75. Qd7+ Kc4 76. Qc6+ Kd4 77. Qd6+ Kc4 78. Qxg6 {[%emt 0:00:08] Threatening mate with Qc6+.} Qg1+ 79. Kh3 {[%emt 0:00:01] White wants to mate with Qc6+.} Re1 80. Qc6+ Kb3 81. Qb5+ Ka3 82. Qa5+ Kb3 83. Nd2+ (83. Qc3+ $142 Ka2 84. Nd2 Qxg2+ 85. Kxg2 Rg1+ 86. Kh3 Rh1+ 87. Kg4 Rxh4+ 88. Kf3) 83... Kc2 84. Nf3 {[%emt 0:00:01][%csl LRe1,LRg1] Weighted Error Value: White=0.81/Black=0.28 (precise)} 1-0

[Event "AI Cup Div-2 2023"]
[Site "Online"]
[Date "2023.09.26"]
[Round "2.4"]
[White "Sarana, Alexey"]
[Black "Caruana, Fabiano"]
[Result "1-0"]
[ECO "D38"]
[WhiteElo "2693"]
[BlackElo "2786"]
[Annotator "TA"]
[PlyCount "101"]
[EventDate "2023.09.18"]
[EventType "k.o."]
[EventCountry "NET"]
[SourceTitle "playchess.com"]
[Source "ChessBase"]
[SourceQuality "1"]
[TimeControl "900+3"]

1. d4 Nf6 2. c4 e6 3. Nf3 d5 4. Nc3 Bb4 5. Qa4+ Nc6 6. e3 O-O 7. Bd2 Re8 {[%emt 0:00:20] D38: Queen's Gambit Declined: Ragozin Defence (4 Nf3 Bb4).} 8. Rd1 Bf8 9. Be2 a6 {[%emt 0:01:42] The position is equal.} 10. O-O {[%emt 0:00:52] [#]} h6 $146 ({Predecessor:} 10... Rb8 11. Qc2 dxc4 12. Bxc4 b5 13. Be2 Bb7 14. Bc1 Nb4 15. Qb1 Nbd5 16. Bd2 Nxc3 17. Bxc3 {0-1 Turzo,A (2298)-Horvath,D (2501) HUN-chT 2223 2022 (4.4)}) 11. Bc1 (11. Ne5 $14) 11... Bd6 (11... Bd7 $11 12. Qc2 Nb4) 12. c5 $14 Bf8 13. b4 Bd7 {[%emt 0:01:31][%cal Oc6d4] [#] And now ...Nxd4! would win.} 14. Qb3 b6 15. Ne5 Nxe5 16. dxe5 Nh7 17. cxb6 {[%emt 0:01:56] White is more active.} cxb6 18. e4 a5 19. b5 Bc5 {[%emt 0:02:43] [#] This move loses the game for Black.} (19... Qc7 $16) 20. Na4 $1 $18 (20. exd5 $6 exd5 21. Qxd5 (21. Rxd5 Qe7 $16) 21... Nf8 $16) 20... d4 21. Bb2 Bc8 22. Nxc5 bxc5 23. Qc4 Bb7 24. Qxc5 Qh4 (24... Bxe4 $142 25. Qxd4 (25. Rxd4 Bd5 $18) 25... Bd5) 25. f3 (25. Rxd4 Rac8 26. Qa3 Qf4 $18) (25. Bxd4 Rec8 $18) (25. Qxd4 Qxe4 26. Qxe4 Bxe4 $18) 25... Nf8 26. Qxd4 ({But not} 26. Bxd4 Ng6 27. g3 Qe7 28. Qxe7 Rxe7) ({Don't do} 26. Rxd4 Rac8 27. Qa3 Qg5 $18) 26... Ng6 27. g3 Qh5 (27... Qg5 {keeps fighting.} 28. f4 Qe7) 28. Qf2 Rac8 29. Rd2 {[%emt 0:00:17][%cal Bd1d2,Bd2d7,Bd7c7][%mdl 32] Dodges Rc2} Qg5 30. Rfd1 Ba8 31. b6 Rb8 (31... h5 $142 32. Bb5 Red8) 32. Rd7 Nf8 33. Rc7 h5 34. h4 Qg6 35. Kh2 Qh6 36. Bc1 Qg6 37. Qe3 Nh7 38. Rdd7 Nf8 39. Rxf7 Qxf7 40. Rxf7 Kxf7 41. Ba3 Rec8 42. Bd6 Rb7 43. Ba6 Rc2+ 44. Kg1 {[%emt 0:00:01] Qf4+ is the strong threat.} Ng6 {[%emt 0:00:07] Against Qf4+} 45. Bxb7 Bxb7 46. Qb3 Rc6 47. Qb5 Rc1+ 48. Kf2 {[%emt 0:00:01] White threatens Qd7+ and mate.} Rc2+ 49. Ke1 {[%emt 0:00:01] Intending Qd7+ and mate.} Kg8 50. Qd7 Ba6 51. b7 {[%emt 0:00:01] An entertaining game by Sarana.   Weighted Error Value: White=0.12 (very precise) /Black=0.53} 1-0

[Event "AI Cup Div-2 2023"]
[Site "Online"]
[Date "2023.09.27"]
[Round "3.1"]
[White "Artemiev, Vladislav"]
[Black "Andreikin, Dmitry"]
[Result "1-0"]
[ECO "E61"]
[WhiteElo "2697"]
[BlackElo "2729"]
[Annotator "TA"]
[PlyCount "83"]
[EventDate "2023.09.18"]
[EventType "k.o."]
[EventCountry "NET"]
[SourceTitle "playchess.com"]
[Source "ChessBase"]
[SourceQuality "1"]
[TimeControl "900+3"]

1. c4 Nf6 2. Nc3 d6 3. g3 g6 4. Bg2 Bg7 5. d4 O-O 6. h3 c5 {[%emt 0:01:00] E61: King's Indian: Early deviations for White, including Smyslov System.} 7. e3 Nc6 8. Nge2 e5 {[%emt 0:00:02] The position is equal.} 9. O-O Re8 {[%emt 0:00:03] [#]} 10. dxc5 $146 ({Predecessor:} 10. d5 Ne7 11. e4 a6 12. a3 Bd7 13. Qd3 Qc8 14. Kh2 b5 15. b3 Rb8 16. Bd2 Rf8 17. cxb5 axb5 {1-0 Poloch,P (2264)-Pagerka,M (2260) Frydek Mistek IM-A 2011 (5)}) 10... dxc5 11. Qxd8 Rxd8 12. b3 Nb4 13. a3 Nd3 14. Rd1 Be6 15. Rb1 Rd7 16. g4 Rad8 17. g5 Ne8 18. Nd5 Nxc1 19. Rbxc1 h6 20. h4 hxg5 21. hxg5 Bf8 22. Nec3 Kg7 23. Kh2 a6 24. a4 (24. Rh1 {is more complex.} b5 25. Kg3 Bd6 26. Ne4) 24... Bf5 (24... Bxd5 $1 $11 {keeps the balance.} 25. Nxd5 (25. Bxd5 Be7 $11) 25... f5) 25. a5 $16 {[%emt 0:00:18] Black is now going downhill.} Bd6 26. Kg1 {[%emt 0:00:07] White is more active.} Bc7 {[%emt 0:00:31] [#]} (26... Rb8 $16 {might work better.}) 27. Na4 $1 $18 {[%emt 0:00:01] Excellent horsemanship.} Bg4 28. f3 Be6 29. Nxc5 Bxa5 (29... Bxd5 {is a better defense.} 30. Nxd7 (30. Rxd5 Rxd5 31. cxd5 Bxa5 $11) 30... Rxd7) 30. Nxd7 Rxd7 31. b4 Bd8 32. f4 Bg4 33. Rd3 Bf5 34. Rd2 exf4 35. exf4 Nc7 $2 (35... a5 36. bxa5 Bxa5) 36. Rcd1 {[%emt 0:00:01] Hoping for Ne3.} a5 $2 (36... Nxd5 37. Rxd5 Rxd5 38. Bxd5 b6) 37. Ne3 Rxd2 38. Rxd2 Ne6 39. Nxf5+ ({Not} 39. Bxb7 axb4 40. Nxf5+ gxf5 $18) 39... gxf5 {[%emt 0:00:00] [#]} 40. Rxd8 $1 {[%emt 0:00:05][%cal Ob4a5][%mdl 512] bxa5! is the strong threat.} Nxd8 (40... axb4 41. Rb8) 41. bxa5 Kf8 {[%emt 0:00:06] [#]} 42. Bxb7 $1 {[%emt 0:00:02][%mdl 576] Remove Defender, Deflection.   Weighted Error Value: White=0.13 (very precise) /Black=0.41} 1-0

[Event "AI Cup Div-2 2023"]
[Site "Online"]
[Date "2023.09.27"]
[Round "3.1"]
[White "Sarana, Alexey"]
[Black "Fedoseev, Vladimir"]
[Result "0-1"]
[ECO "D16"]
[WhiteElo "2693"]
[BlackElo "2683"]
[Annotator "ChessBase"]
[PlyCount "102"]
[EventDate "2023.09.18"]
[EventType "k.o."]
[EventCountry "NET"]
[SourceTitle "playchess.com"]
[Source "ChessBase"]
[SourceQuality "1"]
[TimeControl "900+3"]

1. d4 d5 2. c4 c6 3. Nf3 Nf6 4. Nc3 dxc4 5. a4 e6 6. e3 c5 7. Bxc4 Nc6 8. O-O cxd4 9. exd4 Be7 10. Bf4 O-O 11. Re1 Bd7 12. d5 exd5 13. Nxd5 Nxd5 14. Bxd5 Bb4 15. Re4 a5 16. Qb3 Qf6 17. Rd1 h6 18. Be5 Nxe5 19. Nxe5 Bf5 20. Re2 Rae8 21. f4 Re7 22. Qf3 Rd8 23. h3 Be6 24. Ng4 Qh4 25. Rxe6 fxe6 26. g3 Qxh3 27. Bxe6+ Rxe6 28. Rxd8+ Kh7 29. Qd3+ Rg6 30. Nf6+ gxf6 31. Rd7+ Kh8 32. Rd8+ Rg8 33. Rxg8+ Kxg8 34. Qg6+ Kf8 35. Qxf6+ Ke8 36. Qg6+ Kd8 37. Kf2 Kc7 38. Qc2+ Kb8 39. Qg6 h5 40. Qe8+ Ka7 41. Qe3+ b6 42. Qd3 Bc5+ 43. Ke2 Qg4+ 44. Kf1 Qg7 45. b3 Qb7 46. f5 Qc6 47. Ke2 Kb7 48. Ke1 Kc7 49. Ke2 Qg2+ 50. Kd1 Qf2 51. Qe4 Qd4+ 0-1

[Event "AI Cup Div-2 2023"]
[Site "Online"]
[Date "2023.09.27"]
[Round "3.2"]
[White "Fedoseev, Vladimir"]
[Black "Sarana, Alexey"]
[Result "1-0"]
[ECO "A07"]
[WhiteElo "2683"]
[BlackElo "2693"]
[Annotator "ChessBase"]
[PlyCount "93"]
[EventDate "2023.09.18"]
[EventType "k.o."]
[EventCountry "NET"]
[SourceTitle "playchess.com"]
[Source "ChessBase"]
[SourceQuality "1"]
[TimeControl "900+3"]

1. Nf3 d5 2. g3 g6 3. Bg2 Bg7 4. O-O e5 5. d3 Nc6 6. e4 Nge7 7. Nc3 d4 8. Ne2 a5 9. c3 dxc3 10. bxc3 O-O 11. d4 exd4 12. cxd4 Bg4 13. Be3 Nc8 14. h3 Bd7 15. Rc1 Nd6 16. d5 Nb4 17. a3 Na6 18. e5 Nf5 19. Bf4 Bb5 20. Re1 Ne7 21. Nc3 Be8 22. d6 cxd6 23. exd6 Nc6 24. Nd5 Bd7 25. Qb3 a4 26. Qxb7 Na5 27. Ne7+ Kh8 28. Qd5 Be6 29. Qd1 Bb3 30. Qd3 Nb7 31. Nd2 Nac5 32. Qe3 g5 33. Be5 Bxe5 34. Qxe5+ f6 35. Qd4 Ra6 36. Nc6 Qb6 37. Re7 Bg8 38. d7 Nb3 39. Nxb3 axb3 40. Qb2 Raa8 41. Re8 Kg7 42. Rce1 Nd6 43. Rxa8 Rxa8 44. Re7+ Bf7 45. Bd5 Rf8 46. Qxb3 Qc5 47. d8=Q 1-0

[Event "AI Cup Div-2 2023"]
[Site "Online"]
[Date "2023.09.27"]
[Round "3.3"]
[White "Sarana, Alexey"]
[Black "Fedoseev, Vladimir"]
[Result "1/2-1/2"]
[ECO "D15"]
[WhiteElo "2693"]
[BlackElo "2683"]
[Annotator "ChessBase"]
[PlyCount "71"]
[EventDate "2023.09.18"]
[EventType "k.o."]
[EventCountry "NET"]
[SourceTitle "playchess.com"]
[Source "ChessBase"]
[SourceQuality "1"]
[TimeControl "900+3"]

1. d4 d5 2. c4 c6 3. Nc3 Nf6 4. Nf3 dxc4 5. g3 Nbd7 6. Bg2 g6 7. O-O Bg7 8. e4 O-O 9. Qe2 Nb6 10. h3 Ne8 11. a4 a5 12. Bf4 f5 13. Rfe1 Nf6 14. e5 Nfd5 15. Bg5 h6 16. Bd2 Be6 17. Red1 Qe8 18. Qe1 Nb4 19. Qe2 Qf7 20. Ne1 Rfd8 21. Be3 N6d5 22. Bc1 Rdb8 23. Bf3 b5 24. Ng2 Nxc3 25. bxc3 Nd5 26. Bd2 b4 27. Ne3 bxc3 28. Nxd5 Bxd5 29. Bxc3 Rb3 30. Rdc1 e6 31. Bg2 Bf8 32. Qd2 Qa7 33. Bf1 Kh7 34. Be2 c5 35. Bd1 Rxc3 36. Qxc3 1/2-1/2